 Dungeon Crawl Stone Soup version 0.21-a0-401-g0b6bec4 (webtiles) character file.

7533 Jannitor the Blocker (level 10, -9/96 HPs)
             Began as a Deep Dwarf Fighter on Oct 25, 2017.
             Was a Believer of Makhleb.
             Mangled by a two-headed ogre
             ... wielding a +0 giant club
              (19 damage)
             ... on level 10 of the Dungeon.
             The game lasted 00:09:26 (5590 turns).

Jannitor the Blocker (Deep Dwarf Fighter)           Turns: 5590, Time: 00:09:27

Health: -9/96      AC: 16    Str: 22 (24) XL:     10   Next: 96%
Magic:  10/10      EV:  6    Int:  8 (10) God:    Makhleb [**....]
Gold:   334        SH: 12    Dex: 12      Spells: 9/9 levels left

rFire    . . .     SeeInvis .   a - +1 war axe
rCold    + . .     Gourm    .   c - +0 shield
rNeg     . . .     Faith    .   E - +2 plate armour {rC+}
rPois    .         Spirit   .   (no helmet)
rElec    .         Reflect  .   (no cloak)
rCorr    +         Harm     .   (no gloves)
MR       +....                  (no boots)
Stlth    ..........             (no amulet)
HPRegen  0.00/turn              o - ring of resist corrosion
MPRegen  0.12/turn              v - ring of magical power

@: non-regenerating
A: damage resistance, heal wounds, low mp 1, sense surroundings 2, strong 1, no
regeneration
a: Heal Wounds, Minor Destruction, Renounce Religion


You were on level 10 of the Dungeon.
You worshipped Makhleb.
Makhleb was pleased with you.
You were not hungry.

You visited 2 branches of the dungeon, and saw 11 of its levels.

You collected 334 gold pieces.

Inventory:

Hand Weapons
 a - a +1 war axe (weapon)
 C - a +0 war axe
Armour
 b - a +0 scale mail
 c - a +0 shield (worn)
 E - a +2 plate armour of cold resistance (worn)
Jewellery
 o - a ring of resist corrosion (left hand)
 v - a ring of magical power (right hand)
 z - an uncursed ring of stealth
 B - an uncursed ring of fire {unknown}
 I - a cursed ring of teleportation {unknown}
 J - an uncursed ring of stealth
 K - a +2 ring of evasion {unknown}
Wands
 d - a wand of confusion (30/48)
 q - a wand of polymorph (12/24)
 y - a wand of digging (13/24)
 D - a wand of iceblast (8/15)
 H - a wand of flame (13/48)
Scrolls
 i - a scroll of enchant weapon
 j - 3 scrolls of teleportation
 k - 4 scrolls of identify
 l - 4 scrolls of remove curse
 n - a scroll of recharging {unknown}
 w - 5 scrolls of enchant armour
 x - a scroll of torment {unknown}
 F - a scroll of magic mapping {unknown}
 M - a scroll of blinking {unknown}
Potions
 e - a potion of mutation
 g - a potion of flight
 h - 2 potions of brilliance
 m - 2 potions of lignification
Books
 u - a book of Cantrips

   Spells                             Type                      Level
   a - Confusing Touch                Hexes                        1
   b - Animate Skeleton               Necromancy                   1
   c - Summon Small Mammal            Summoning                    1
   d - Apportation                    Translocation                1
Comestibles
 f - 9 bread rations
 p - 4 fruits
 r - 6 chunks of flesh
 s - 7 meat rations
 t - 2 royal jellies


   Skills:
 + Level 8.2 Fighting
 + Level 9.5 Axes
 + Level 9.8 Armour
 + Level 9.8 Shields
 * Level 2.4 Invocations


You had 9 spell levels left.
You didn't know any spells.

Dungeon Overview and Level Annotations

Branches:
Dungeon (10/15)            Temple (1/1) D:5            Lair (0/6) D:8
    Orc: D:9-12

Altars:
Ashenzari
Kikubaaqudgha
Makhleb
Nemelex Xobeh
Qazlal
Ru
Vehumet
Xom
The Shining One

Annotations:
D:3 Zaque's ghost, amateur GrEE
D:4 Ijyb
D:9 Gastronok
D:10 Jannitor's ghost, novice DDFi; Urug


Innate Abilities, Weirdness & Mutations

You are resistant to damage.
You can heal yourself by infusing magical energy.
You passively map the area around you.
You do not regenerate.
Your magical capacity is low. (-10% MP)
Your muscles are strong. (Str +2)


Message History

There is a stone staircase leading up here.
You now have 334 gold pieces (gained 15).
Found a stone staircase leading down.
Evoke which item? (* to show all) (? for menu, Esc to quit)
Aiming: Confuse (will waste charges)
Press: ? - help, Shift-Dir - straight line, f - two-headed ogre
Aim: a two-headed ogre, wielding two giant clubs (chance to defeat MR: 28%)
The two-headed ogre appears confused.
Evoking this partially-identified wand wasted a few charges.
You hit the two-headed ogre.
The two-headed ogre is lightly wounded.
The two-headed ogre laughs crazily.
You hit the two-headed ogre.
The two-headed ogre is lightly wounded.
You hit the two-headed ogre.
The two-headed ogre is moderately wounded.
You slash the two-headed ogre!
The two-headed ogre is heavily wounded.
The two-headed ogre hits you with a giant club!!
You die...

....W....#.## #......... ,
.....##....#####.##..... , .,
.......................,
.>,,, .......(....####.##..#
..., ....##...##...##.##.#*
..## ,
....#............(..####.....
....#........##............#
*
##)##........##............#
#.##........##O@.<..###...# *
..[##........)......## , .#
.### ..#######.....# * , , *
* # , * #.....# ,, , ,
#.....# * * ,* , ####### , ,
** * * , * *, ,,, * , , ,,,


You could see a two-headed ogre (confused).

Vanquished Creatures
  Erolcha (D:9)
  2 two-headed ogres (D:10)
  Pikel (D:4)
  Prince Ribbit (D:6)
  A wraith (D:10)
  Sigmund (D:5)
  5 yaks (D:9)
  Menkaure (D:5)
  Duvessa (D:4)
  Edmund (D:4)
  2 hell hounds (D:8)
  2 orc warriors
  3 ice beasts
  2 slaves
  3 necrophages
  5 ogres
  A black bear (D:8)
  3 phantoms
  5 centaurs
  4 bullfrogs
  Dowan (D:4)
  A scorpion (D:5)
  5 wights (D:8)
  3 crimson imps
  A bullfrog zombie (D:5)
  A jelly (D:8)
  3 hounds
  5 orc wizards
  2 orc priests
  4 iguanas
  5 worker ants
  A hound zombie (D:5)
  A howler monkey skeleton (D:8)
  13 adders
  A shadow imp (D:8)
  2 oozes
  An adder zombie (D:9)
  2 adder skeletons (D:4)
  A worm (D:4)
  3 dart slugs
  2 leopard geckos
  13 orcs
  5 giant cockroaches
  5 goblins
  2 hobgoblins (D:1)
  4 jackals
  5 quokkas
  5 bats
  3 frilled lizards (D:4)
  3 kobolds
  A leopard gecko skeleton (D:5)
  A quokka zombie (D:9)
  6 rats
156 creatures vanquished.

Notes
Turn   | Place    | Note
-------+----------+-------------------------------------------
     0 | D:1      | Jannitor the Deep Dwarf Fighter began the quest for the Orb.
     0 | D:1      | Reached XP level 1. HP: 20/20 MP: 1/1
    64 | D:1      | Reached XP level 2. HP: 27/27 MP: 2/2
   551 | D:3      | Reached XP level 3. HP: 28/34 MP: 3/3
   879 | D:3      | Reached XP level 4. HP: 34/42 MP: 4/4
  1055 | D:4      | Noticed a centaur
  1063 | D:4      | Killed a centaur
  1063 | D:4      | Reached XP level 5. HP: 39/49 MP: 5/5
  1187 | D:4      | Noticed a phantom
  1212 | D:4      | Killed a phantom
  1212 | D:4      | Reached XP level 6. HP: 32/57 MP: 6/6
  1331 | D:4      | Noticed a slave
  1331 | D:4      | Noticed Ijyb
  1331 | D:4      | Noticed a slave
  1332 | D:4      | Noticed a slave
  1333 | D:4      | Noticed Pikel
  1333 | D:4      | Noticed a slave
  1359 | D:3      | Killed a slave
  1384 | D:3      | Noticed Zaque's ghost (amateur GrEE)
  1387 | D:3      | HP: 1/57 [Zaque's ghost/stone arrow (5)]
  1415 | D:4      | Noticed Edmund
  1428 | D:4      | Killed Edmund
  1428 | D:4      | Reached skill level 5 in Armour
  1428 | D:4      | Reached skill level 5 in Shields
  1539 | D:4      | Noticed Duvessa
  1540 | D:4      | Noticed Dowan
  1548 | D:4      | Killed Duvessa
  1548 | D:4      | Reached XP level 7. HP: 23/66 MP: 7/7
  1556 | D:4      | Killed Dowan
  1583 | D:4      | Found an ancient bone altar of Kikubaaqudgha.
  1602 | D:4      | Killed Pikel
  1602 | D:4      | Reached skill level 5 in Fighting
  1602 | D:4      | Reached skill level 5 in Axes
  1602 | D:4      | Reached XP level 8. HP: 28/74 MP: 8/8
  1914 | D:5      | Entered Level 5 of the Dungeon
  1966 | D:5      | Found a staircase to the Ecumenical Temple.
  1989 | Temple   | Entered the Ecumenical Temple
  2001 | Temple   | Became a worshipper of Makhleb the Destroyer
  2146 | D:5      | Noticed Sigmund
  2163 | D:5      | Killed Sigmund
  2171 | D:5      | Noticed Menkaure
  2178 | D:5      | Killed Menkaure
  2358 | D:5      | Gained mutation: You passively map the area around you. [Deep Dwarf growth]
  2358 | D:5      | Reached XP level 9. HP: 57/82 MP: 8/8
  2954 | D:6      | Reached * piety under Makhleb
  3191 | D:6      | Noticed Prince Ribbit
  3390 | D:6      | Killed Prince Ribbit
  4017 | D:8      | Reached ** piety under Makhleb
  4028 | D:8      | Found a staircase to the Lair.
  4047 | D:8      | Reached XP level 10. HP: 69/94 MP: 6/6
  4901 | D:9      | Noticed Erolcha
  4916 | D:9      | Killed Erolcha
  4919 | D:9      | Gained mutation: Your magical capacity is low. (-10% MP) [potion of mutation]
  4919 | D:9      | Gained mutation: Your muscles are strong. (Str +2) [potion of mutation]
  5026 | D:9      | Noticed Gastronok
  5052 | D:10     | Entered Level 10 of the Dungeon
  5052 | D:10     | Noticed a two-headed ogre
  5075 | D:10     | Noticed a two-headed ogre
  5097 | D:10     | Killed a two-headed ogre
  5103 | D:10     | Killed a two-headed ogre
  5136 | D:10     | Noticed a two-headed ogre
  5138 | D:10     | Noticed Jannitor's ghost (novice DDFi)
  5367 | D:10     | Noticed Urug
  5390 | D:9      | Reached skill level 1 in Invocations
  5590 | D:10     | Mangled by a two-headed ogre

Vault maps used:
D:1:      saegor_arrival_miasma, serial_forest, infiniplex_forest_fountain,
          infiniplex_forest_clump_medium, infiniplex_forest_straight_2,
          infiniplex_forest_lined_corner, infiniplex_forest_lined_2,
          infiniplex_forest_end_3
D:2:      minmay_door_path, yredelemnul_altar_generic,
          gammafunk_temple_overflow_elements, minmay_splitting_lines,
          uniq_jessica
D:4:      cheibrodos_barr_body, kennysheep_mini, first_bread, uniq_ijyb,
          uniq_edmund, uniq_duvessa, uniq_pikel
D:5:      minmay_opposing_rooms, minmay_temple_entry_glassed_door, uniq_sigmund,
          uniq_menkaure
D:6:      minivault_11, uniq_prince_ribbit1
D:7:      corexii_shantytown, serial_curves, eino_curves_04, eino_curves_04,
          eino_curves_01, eino_curves_02, nicolae_ru_great_annihilating_truth
D:8:      minmay_lair_entry_lava, grunt_ogre_cave, serial_bayou_crossing
D:9:      kennysheep_nondescript, uniq_erolcha, uniq_gastronok
D:10:     orc_0_dummy, uniq_urug
Temple:   regret_index_temple_mists

Skill      XL: |  1  2  3  4  5  6  7  8  9 10 |
---------------+-------------------------------+-----
Fighting       | 3 4 5 6 7 8 |  8.2
Shields        | 4 5 6 7 8 9 |  9.8
Axes           | 3 4 5 6 8 9 |  9.5
Armour         | 4 5 6 7 8 9 |  9.8
Invocations    | 2 |  2.4

Action                   |  1- 3 |  4- 6 |  7- 9 | 10-12 || total
-------------------------+-------+-------+-------+-------++-------
Melee: War axe           |    91 |   121 |   371 |   165 ||   748
 Abil: Heal Wounds       |       |     4 |    13 |     9 ||    26
Evoke: Wand              |       |       |       |     2 ||     2
  Use: Potion            |       |     1 |       |    13 ||    14
       Scroll            |       |       |     9 |       ||     9
  Eat: Chunk             |       |     3 |     7 |     7 ||    17
Armor: Scale mail        |    40 |    36 |    47 |       ||   123
       Plate armour      |       |       |   108 |    67 ||   175
       Skin              |       |       |       |    10 ||    10
Dodge: Dodged            |    23 |    29 |   100 |    32 ||   184
Block: Shield            |    42 |    63 |   221 |    93 ||   419

Table legend:
 A = Spawn XP
 B = Non-spawn XP
 C = Spawn XP percentage of total XP
 D = Spawn monster count
 E = Non-spawn monster count
 F = Spawn count percentage of total count
 G = Total turns spent on level
                    A         B        C        D         E        F      G
               +---------+---------+-------+---------+---------+-------+---------
         Total |       0 |   10762 |   0.0 |       0 |     154 |   0.0 |  5590
               +---------+---------+-------+---------+---------+-------+---------
           D:1 |       0 |      28 |   0.0 |       0 |      15 |   0.0 |   369
           D:2 |       0 |      12 |   0.0 |       0 |       5 |   0.0 |   149
           D:3 |       0 |      85 |   0.0 |       0 |      15 |   0.0 |   432
           D:4 |       0 |    1384 |   0.0 |       0 |      24 |   0.0 |   964
           D:5 |       0 |    1791 |   0.0 |       0 |      31 |   0.0 |  1002
           D:6 |       0 |    1519 |   0.0 |       0 |      24 |   0.0 |   805
           D:8 |       0 |    1582 |   0.0 |       0 |      25 |   0.0 |  1012
           D:9 |       0 |    2291 |   0.0 |       0 |      10 |   0.0 |   599
          D:10 |       0 |    2070 |   0.0 |       0 |       5 |   0.0 |   129
               +---------+---------+-------+---------+---------+-------+---------
